 Dungeon Crawl Stone Soup version 0.30-b1-2-g02819fbbbe (webtiles) character file.

Game seed: 9698143783689750231

144070 dorian the Metallomancer (level 18, -19/126 HPs)
             Began as a Formicid Earth Elementalist on May 15, 2023.
             Was a High Priest of Elyvilon.
             Demolished by a naga warrior
             ... wielding a +0 glaive
              (27 damage)
             ... on level 3 of the Abyss on May 17, 2023.
             The game lasted 01:56:02 (48364 turns).

dorian the Metallomancer (FoEE)                    Turns: 48364, Time: 01:56:02

Health: -19/126    AC: 23    Str: 14    XL:     18   Next: 1%
Magic:  24/44      EV:  8    Int: 22    God:    Elyvilon [*****.]
Gold:   1445       SH: 14    Dex: 18    Spells: 29/44 levels left

rFire   + . .        A - +9 dire flail (holy)
rCold   + . .        y - +0 tower shield {rF+}
rNeg    + . .        R - +1 pearl dragon scales
rPois   +            (helmet unavailable)
rElec   .            B - +2 cloak
rCorr   .            o - +0 pair of gloves
SInv    +            p - +1 pair of boots
Will    +....        X - amulet of magic regeneration
Stlth   +            v - ring of poison resistance
HPRegen 0.41/turn    S - ring "Osuassio" {rC+ MP+9 Dex+4}
MPRegen 0.69/turn

%: no passive effects
@: no status effects
A: permanent stasis, dig shafts and tunnels, antennae 3, four strong arms, frail
1, devolution 1
a: Dig, Shaft Self, Renounce Religion, Purification, Heal Other, Heal Self,
Divine Vigour


You were on level 3 of the Abyss.
You worshipped Elyvilon.
Elyvilon was extremely pleased with you.
You visited 6 branches of the dungeon, and saw 27 of its levels.
You visited the Abyss 1 time.
You also visited: Ice Cave.

You collected 3115 gold pieces.
You spent 1670 gold pieces at shops.

Inventory:

Hand Weapons
 A - a +9 dire flail of holy wrath (weapon)
 Z - a +1 lajatang of freezing
Missiles
 e - 9 atropa-tipped darts
 u - 3 silver javelins
 G - a throwing net
Armour
 o - a +0 pair of gloves (worn)
 p - a +1 pair of boots (worn)
 s - a +0 buckler
 y - a +0 tower shield of fire resistance (worn)
 B - a +2 cloak (worn)
 R - +1 pearl dragon scales (worn)
 V - +0 fire dragon scales
 Y - +1 ice dragon scales
Magical Staves
 N - a staff of conjuration
Jewellery
 t - a +4 ring of protection
 v - a ring of poison resistance (left hand)
 x - a ring of flight
 J - a +4 ring of protection
 P - an amulet of reflection
 Q - a ring of fire
 S - the ring "Osuassio" (right hand) {rC+ MP+9 Dex+4}
   (You found it on level 14 of the Dungeon)

   [ring of magical power]

   Dex:       It affects your dexterity (+4).
   rC:        It protects you from cold.
   MP:        It affects your magic capacity (+9).
 X - an amulet of magic regeneration (around neck)
Wands
 a - a wand of iceblast (11)
 j - a wand of flame (26)
 z - a wand of polymorph (3)
 C - a wand of mindburst (6)
 D - a wand of paralysis (10)
 I - a wand of acid (4)
Scrolls
 h - 4 scrolls of butterflies
 m - a scroll of magic mapping
 w - 2 scrolls of silence
 E - a scroll of immolation
 K - 8 scrolls of identify
 L - 2 scrolls of amnesia
Potions
 b - a potion of magic
 d - 16 potions of curing
 f - 7 potions of lignification
 g - 2 potions of cancellation
 i - 3 potions of brilliance
 k - 4 potions of mutation
 l - 4 potions of flight
 q - 3 potions of ambrosia
 r - 8 potions of attraction
 F - 3 potions of might
 H - 3 potions of resistance
 M - a potion of invisibility
 O - 5 potions of haste
Miscellaneous
 n - a box of beasts
 T - a tin of tremorstones (inert)
 U - a lightning rod (2/4)
 W - a phial of floods


   Skills:
 - Level 11.8 Fighting
 - Level 7.2 Maces & Flails
 - Level 11.6 Armour
 - Level 6.0 Dodging
 - Level 2.4 Stealth
 * Level 4.1 Shields
 + Level 13.8 Spellcasting
 * Level 6.1 Conjurations
 - Level 1.1 Transmutations
 * Level 21.1 Earth Magic
 - Level 13.0 Invocations


You had 29 spell levels left.
You knew the following spells:

 Your Spells              Type           Power      Damage    Failure   Level
a - Sandblast             Erth           100%       2d20      1%          1
b - Passwall              Tmut/Erth      49%        N/A       3%          2
c - Stone Arrow           Conj/Erth      100%       3d13      2%          3
d - Leda's Liquefaction   Hex/Erth       28%        N/A       28%         4
e - Lee's Rapid Deconstr  Erth           41%        3d20*     1%          5

Your spell library contained the following spells:

 Spells                   Type           Power      Damage    Failure   Level
 Petrify                  Tmut/Erth      59%        N/A       22%         4
 Animate Armour           Summ/Erth      100%       N/A       28%         4
 Momentum Strike          Conj/Tloc      56%        3d9       67%         2
 Lesser Beckoning         Tloc           30%        N/A       97%         2
 Statue Form              Tmut/Erth      39%        N/A       98%         6
 Call Canine Familiar     Summ           15%        N/A       100%        3
 Gell's Gravitas          Tloc           15%        N/A       100%        3
 Inner Flame              Hex/Fire       15%        N/A       100%        3
 Ozocubu's Armour         Ice            15%        N/A       100%        3
 Portal Projectile        Hex/Tloc       30%        N/A       100%        3
 Teleport Other           Tloc           15%        N/A       100%        3
 Anguish                  Hex/Necr       7%         N/A       100%        4
 Manifold Assault         Tloc           15%        N/A       100%        4
 Freezing Cloud           Conj/Ice/Air   12%        6-21      100%        5
 Silence                  Hex/Air        7%         N/A       100%        5
 Yara's Violent Unravell  Hex/Tmut       8%         3d5       100%        5
 Enfeeble                 Hex            7%         N/A       100%        7
 Ozocubu's Refrigeration  Ice            7%         4d9       100%        7
 Lehudib's Crystal Spear  Conj/Erth      33%        10d8      100%        8
 Shatter                  Erth           41%        3d32*     100%        9
 Blink                    Tloc           Unusable   N/A       N/A         2

Dungeon Overview and Level Annotations

Branches:
Dungeon (15/15)            Temple (1/1) D:5            Lair (5/5) D:10
 Shoals (0/4) Lair:2        Snake (3/4) Lair:2        Slime (0/5) Lair:5
    Orc (2/2) D:11            Elf (1/3) Orc:2        Vaults (0/5) D:13
 Depths (0/4) D:15          IceCv (visited)

Altars:
Ashenzari
Cheibriados
Dithmenos
Elyvilon
Fedhas
Gozag
Hepliaklqana
Kikubaaqudgha
Makhleb
Nemelex Xobeh
Okawaru
Qazlal
Ru
Sif Muna
Trog
Uskayaw
Vehumet
Wu Jian
Xom
Yredelemnul
Zin
The Shining One
Jiyva

Shops:
D:2 [   D:6 :   D:9 *   D:10 *:(   D:12 [[[((   Orc:2 (*:[

Portals:
Trove: D:14 (give +2 fire dragon scales)

Annotations:
Lair:1 2 transporters, Quercus's ghost, journeyman DECj
Snake:2 2 transporters, Elinuc's ghost, adept DEHW
Snake:3 Bai Suzhen


Innate Abilities, Weirdness & Mutations

You cannot be hasted, slowed, berserked, paralysed or teleported.
You can dig through walls and to a lower floor.
You have a pair of large antennae on your head. (SInv)
Your four strong arms can wield two-handed weapons with a shield.
You are frail. (-10% HP)
You have hidden genetic defects.


Message History

Aim: a will-o-the-wisp (heavily damaged, 78% to hit)
The stone arrow hits the will-o-the-wisp!
The will-o-the-wisp is almost destroyed.
The will-o-the-wisp gestures.
The will-o-the-wisp conjures some foxfire! 2 foxfires come into view.
You barely miss the will-o-the-wisp.
The will-o-the-wisp is almost destroyed.
The white imp shouts, "Leave, thou artless hasty-witted tiler!"
The foxfire hits you! You resist.
* * * LOW HITPOINT WARNING * * *
The foxfire hits you! You resist.
* * * LOW HITPOINT WARNING * * *
The naga warrior hits you from afar with a +0 glaive.
* * * LOW HITPOINT WARNING * * *
You block the will-o-the-wisp's attack.
Unknown command.
Unknown command.
You are healed.
The naga warrior completely misses you.
The will-o-the-wisp engulfs you but does no damage.
Unknown command.
Unknown command.
You puncture the will-o-the-wisp!
You destroy the will-o-the-wisp!
The naga warrior spits poison at you.
The splash of poison hits you but does no damage.
You are poisoned.
You resist.
The naga warrior hits you from afar with a +0 glaive!!
Elyvilon protects you from harm!
You feel better. You block the starcursed mass's attack.
The naga warrior hits you from afar with a +0 glaive!!
* * * LOW HITPOINT WARNING * * *
Unknown command.
Press: ? - help, Dir - move target, f - naga warrior Heal: a naga warrior, wielding a +0 glaive and wearing a +0 robe (catching its breath, chance to pacify: 38%)
The light of Elyvilon fails to reach the naga warrior.
A starcursed mass splits.
The naga warrior hits you from afar with a +0 glaive!!
You die...

.# #) . . .. . ..#
##†)##... . .. . .
....##.... . .
..... . #. ..##
..### . . . #..#.
.# ## ### ## ##
.#X. .. . .. .
#.### #.# .
#.##..#.#..###..##
. .##..#@....# # #
#.NXX....# .. . #
##5..#..## . #
....#.#.#
#.....#.#..#
..##§#.... ## ..
#....... 5
.#...#...
.#..#...#


You could see 2 starcursed masses, a naga warrior (catching breath) and a white
imp.

Vanquished Creatures
  An Ice Fiend (IceCv)
  Mlioglotl (Snake:1)
  A sphinx (D:14)
  A tengu reaver (D:14)
  An azure jelly (Snake:2)
  2 orc warlords (Orc:1)
  The ghost of Cown the Bludgeoner, a journeyman TrHu of Yredelemnul (D:14)
  A very ugly thing (D:14)
  An ettin (shapeshifter) (D:13)
  A fire dragon (D:14)
  A spriggan zombie (Abyss:3)
  Josephine (D:12)
  4 salamander tyrants
  2 hydras
  6 anacondas
  3 rakshasas
  4 centaur warriors
  An ogre mage (D:13)
  A merfolk avatar (Lair:5)
  3 boulder beetles
  6 two-headed ogres
  2 tengu warriors (D:14)
  A deep troll earth mage (D:14)
  4 naga warriors
  7 naga sharpshooters
  3 orc high priests (Orc:2)
  Sonja (D:13)
  Amaemon (Lair:2)
  7 shock serpents
  5 salamander mystics
  Lodul (D:11)
  2 skysharks
  A sea snake (Lair:5)
  3 naga ritualists
  An obsidian statue (IceCv)
  A bog body (IceCv)
  A glowing orange brain (D:15)
  A wizard (D:14)
  9 spriggan simulacra (IceCv)
  2 harpies (Lair:5)
  A deep elf pyromancer (D:14)
  A wolf spider (D:15)
  7 ugly things
  7 orc knights
  4 orc sorcerers
  9 mana vipers
  A shining eye (Abyss:3)
  13 salamanders
  3 cyclopes
  A will-o-the-wisp (Abyss:3)
  A manticore (Lair:5)
  A guardian serpent (Abyss:3)
  5 naga magi (Snake:1)
  2 starcursed masses (Abyss:3)
  14 slime creatures
  Maurice (D:9)
  10 elephants
  An apocalypse crab (Abyss:3)
  An orange demon (Lair:2)
  3 gargoyles
  24 black mambas
  A torpor snail (Lair:4)
  11 komodo dragons
  8 kobold demonologists
  7 cane toads
  2 unseen horrors
  5 rime drakes (Lair:5)
  4 yaktaurs (D:13)
  4 freezing wraiths
  12 ice devils (IceCv)
  5 tengu conjurers
  5 trolls
  A polar bear (Lair:3)
  A golden dragon simulacrum (IceCv)
  4 meliai (D:14)
  Prince Ribbit (Lair:2)
  A hornet (Lair:5)
  6 blink frogs
  2 snapping turtles (Lair:5)
  2 dream sheep (Lair:4)
  A centaur simulacrum (D:14)
  24 yaks
  A dire elephant simulacrum (IceCv)
  A slime creature (shapeshifter) (D:15)
  5 wyverns
  5 shadows
  5 wraiths
  4 vampires
  A neqoxec (Abyss:3)
  5 basilisks
  A golden eye (shapeshifter) (D:14)
  A steam dragon (Lair:4)
  5 vampire mosquitoes
  4 wargs
  7 minotaur simulacra (IceCv)
  An acid dragon (D:11)
  A harpy simulacrum (IceCv)
  10 nagas
  A hydra simulacrum (IceCv)
  A two-headed ogre zombie (D:11)
  10 water moccasins
  29 orc warriors
  2 alligator simulacra (IceCv)
  An ice beast (D:5)
  2 black bears
  2 ettin simulacra (IceCv)
  17 wolves
  12 ogres
  10 centaurs
  6 kobold brigands
  A phantom (D:11)
  Blork the orc (D:5)
  15 bullfrogs
  7 deep troll simulacra (IceCv)
  9 wights
  A small abomination (Abyss:3)
  7 killer bees
  2 lindwurm simulacra (IceCv)
  6 electric eels
  A howler monkey (D:7)
  2 jellies (D:6)
  12 orc priests
  2 gnoll boudas
  5 iguanas
  Natasha (thrice) (D:2)
  6 hell rats (Lair:5)
  19 orc wizards
  7 ogre zombies (D:11)
  12 gnolls
  4 adders
  A shadow imp (D:7)
  3 white imps
  3 ufetubi
  A worm (D:4)
  2 dart slugs
  54 orcs
  3 bats
  6 endoplasms
  4 giant cockroaches
  4 goblins
  6 hobgoblins
  33 kobolds
  5 quokkas
  7 ball pythons
  3 frilled lizards
  2 goblin skeletons (D:11)
  5 goblin zombies (D:11)
  A hobgoblin skeleton (D:11)
  A hobgoblin zombie (D:11)
  2 orc skeletons (D:11)
  14 orc zombies (D:11)
  5 rats
  A spectral kobold (D:1)
751 creatures vanquished.

Vanquished Creatures (others)
  A naga ritualist (Snake:1)
  2 elephants (Lair:5)
  A snapping turtle (Lair:5)
  An orc warrior (Orc:2)
  An ogre (Orc:2)
  2 orcs (Orc:2)
  A demonic plant (Abyss:3)
  6 foxfires (Abyss:3)
  58 fungi
  139 plants
212 creatures vanquished.

Grand Total: 963 creatures vanquished

Notes
Turn   | Place    | Note
-------+----------+-------------------------------------------
     0 | D:1      | dorian the Formicid Earth Elementalist began the quest for
                  | the Orb.
     0 | D:1      | Reached XP level 1. HP: 13/13 MP: 3/3
   219 | D:1      | Reached skill level 4 in Earth Magic
   219 | D:1      | Reached XP level 2. HP: 19/19 MP: 3/5
   405 | D:1      | Found a faded altar of an unknown god.
   532 | D:1      | Reached XP level 3. HP: 24/24 MP: 2/6
   839 | D:2      | Noticed Natasha
   843 | D:2      | Killed Natasha
   844 | D:2      | Reached skill level 5 in Earth Magic
   844 | D:2      | Reached XP level 4. HP: 22/30 MP: 2/8
   933 | D:2      | Noticed Natasha
   936 | D:2      | Killed Natasha
   957 | D:2      | Noticed Natasha
   962 | D:2      | Killed Natasha
   963 | D:2      | Reached XP level 5. HP: 20/35 MP: 3/9
  1025 | D:2      | Found Foosiysm's Armour Boutique.
  1573 | D:3      | Reached skill level 6 in Earth Magic
  1963 | D:3      | Found a blossoming altar of Fedhas.
  2443 | D:3      | Learned a level 2 spell: Passwall
  2447 | D:3      | Learned a level 3 spell: Stone Arrow
  2575 | D:4      | Reached XP level 6. HP: 41/41 MP: 6/11
  3186 | D:5      | Entered Level 5 of the Dungeon
  3199 | D:5      | Reached skill level 12 in Earth Magic
  3199 | D:5      | Reached XP level 7. HP: 46/46 MP: 11/17
  3302 | D:5      | Found a staircase to the Ecumenical Temple.
  3312 | Temple   | Entered the Ecumenical Temple
  3379 | Temple   | Became a worshipper of Elyvilon the Healer
  3543 | D:5      | Reached skill level 1 in Invocations
  3704 | D:5      | Reached skill level 1 in Fighting
  3801 | D:5      | Reached XP level 8. HP: 54/54 MP: 15/19
  3933 | D:5      | Noticed Blork the orc
  3937 | D:5      | Killed Blork the orc
  4379 | D:6      | Noticed a two-headed ogre
  4389 | D:6      | Killed a two-headed ogre
  4390 | D:6      | Reached XP level 9. HP: 49/61 MP: 2/20
  4612 | D:6      | Reached * piety under Elyvilon
  4643 | D:6      | Found Puzu's Book Emporium.
  5294 | D:7      | Reached ** piety under Elyvilon
  5366 | D:7      | Found a sacrificial altar of Ru.
  5366 | D:7      | Found a stormy altar of Qazlal.
  5386 | D:7      | Reached skill level 13 in Earth Magic
  5732 | D:8      | Reached skill level 5 in Invocations
  6181 | D:8      | Reached XP level 10. HP: 70/70 MP: 12/22
  6370 | D:8      | Reached *** piety under Elyvilon
  7652 | D:9      | Reached **** piety under Elyvilon
  7735 | D:9      | Found Wuploter's Assorted Antiques.
  8374 | D:9      | Noticed Maurice
  8383 | D:9      | Killed Maurice
  8582 | D:9      | Noticed a gargoyle
  8594 | D:9      | Killed a gargoyle
  8766 | D:10     | Entered Level 10 of the Dungeon
  8901 | D:11     | Reached XP level 11. HP: 78/78 MP: 16/23
  9112 | D:10     | Reached skill level 5 in Fighting
  9189 | D:10     | Noticed a two-headed ogre
  9193 | D:10     | Killed a two-headed ogre
  9615 | D:10     | Found a staircase to the Lair.
  9708 | D:10     | Found Woimpasimu's Lightly-Used Armoury.
  9750 | D:10     | Found Fiumouck's Antique Weapon Boutique.
  9962 | D:10     | Noticed a centaur warrior
  9968 | D:10     | Killed a centaur warrior
  9969 | D:10     | Reached skill level 14 in Earth Magic
 10295 | D:10     | Found Gik Yroa's Book Shop.
 10576 | D:12     | Noticed a boulder beetle
 10576 | D:12     | Reached ***** piety under Elyvilon
 10589 | D:12     | HP: 4/81 [boulder beetle (16)]
 10742 | D:12     | Killed a boulder beetle
 10835 | D:11     | Reached skill level 10 in Invocations
 11787 | D:11     | Found a staircase to the Orcish Mines.
 12252 | D:11     | Reached XP level 12. HP: 89/89 MP: 18/25
 12255 | D:11     | Noticed Lodul
 12693 | D:12     | Found Hujeter's Antique Armour Shop.
 12910 | D:12     | Noticed a two-headed ogre
 12914 | D:12     | Killed a two-headed ogre
 13087 | D:12     | Found a broken altar of Ashenzari.
 13087 | D:12     | Identified the +0 hat of Free Expression {Dex+2}
 13128 | D:12     | Bought a shimmering ring mail for 207 gold pieces
 13128 | D:12     | Identified the +0 ring mail of the Onion {Regen+} (You
                  | bought it in a shop on level 12 of the Dungeon)
 13191 | D:12     | Found Himol's Armour Boutique.
 13707 | D:12     | Found Siemis's Antique Weapon Shop.
 13981 | D:12     | Found Wicresor's Weapon Shop.
 14309 | D:12     | Found Qauh's Antique Armour Emporium.
 14908 | D:13     | Noticed Sonja
 14910 | D:13     | Killed Sonja
 14928 | D:13     | Reached skill level 1 in Armour
 15036 | D:13     | Reached skill level 15 in Earth Magic
 15234 | D:13     | Noticed a deep troll
 15239 | D:13     | Noticed a two-headed ogre
 15253 | D:13     | a deep troll changed into a sea snake
 15253 | D:13     | Noticed a sea snake (shapeshifter)
 15650 | D:13     | Noticed a death drake
 15814 | D:13     | Noticed a two-headed ogre
 15869 | D:11     | Killed Lodul
 15906 | Lair:1   | Entered Level 1 of the Lair of Beasts
 15983 | Lair:1   | You fall into a shaft and drop 1 floor!
 15986 | Lair:2   | Noticed a skyshark
 15997 | Lair:2   | Killed a skyshark
 16342 | Lair:2   | Noticed a four-headed hydra
 16376 | Lair:2   | Pacified a four-headed hydra
 16377 | Lair:2   | Reached XP level 13. HP: 98/98 MP: 15/26
 16481 | Lair:2   | Reached ****** piety under Elyvilon
 16507 | Lair:2   | Noticed Prince Ribbit
 16528 | Lair:2   | Killed Prince Ribbit
 16904 | Lair:1   | Found a transporter.
 16905 | Lair:1   | Noticed Quercus's ghost (journeyman DECj)
 16918 | Lair:1   | Found a transporter.
 18445 | Lair:2   | Found a staircase to the Shoals.
 18593 | Lair:2   | Noticed Amaemon
 18703 | Lair:2   | Killed Amaemon
 19156 | Lair:2   | Found a staircase to the Snake Pit.
 20968 | Lair:4   | Reached skill level 5 in Armour
 21173 | Lair:4   | Reached skill level 10 in Spellcasting
 21628 | Lair:3   | Reached skill level 16 in Earth Magic
 22789 | Lair:5   | Entered Level 5 of the Lair of Beasts
 22922 | Lair:5   | Reached XP level 14. HP: 109/109 MP: 18/28
 23414 | D:12     | Bought a +0 buckler for 63 gold pieces
 23568 | Lair:5   | Reached skill level 10 in Fighting
 24720 | Lair:5   | Found the +15 Maxwell's patent armour {-Cast -Tele rElec
                  | Will+ rCorr}
 26437 | Lair:5   | Found a staircase to the Slime Pits.
 26437 | Lair:5   | Found a viscous altar of Jiyva.
 26839 | Orc:1    | Entered Level 1 of the Orcish Mines
 27061 | Orc:1    | Noticed Erica
 27062 | Orc:1    | Reached skill level 17 in Earth Magic
 27347 | Orc:1    | Pacified Erica
 27869 | Orc:2    | Entered Level 2 of the Orcish Mines
 27904 | Orc:2    | Noticed an orc warlord
 28000 | Orc:2    | Noticed an orc warlord
 28162 | D:12     | Bought +0 pearl dragon scales for 1400 gold pieces
 28615 | Orc:1    | Killed an orc warlord
 28616 | Orc:1    | Reached XP level 15. HP: 101/119 MP: 0/30
 29157 | Orc:2    | Found Cena Myl's General Store.
 29216 | Orc:1    | Killed an orc warlord
 29820 | Orc:2    | Found Beubliach's Antique Armour Emporium.
 31176 | Orc:2    | Found Sineummy's Antique Weapon Shoppe.
 31228 | Orc:2    | Found a staircase to the Elven Halls.
 31273 | Orc:2    | Found Gul Wodi's Book Shop.
 31551 | D:13     | Reached skill level 18 in Earth Magic
 31957 | D:13     | Got the Papyrus of the Door and Silt
 31963 | D:13     | Learned a level 4 spell: Leda's Liquefaction
 32171 | D:13     | Reached skill level 1 in Maces & Flails
 32852 | D:13     | Found a gate to the Vaults.
 32965 | D:13     | Noticed Josephine
 33215 | D:12     | Killed Josephine
 33687 | D:14     | Identified the ring "Osuassio" {rC+ MP+9 Dex+4}
 33770 | D:14     | Found a runed translucent door.
 34370 | D:14     | Found a portal to a secret trove of treasure.
 34713 | D:14     | Found a large runed translucent door.
 34713 | D:14     | Found a large runed translucent door.
 34716 | D:14     | Noticed Cown's ghost (journeyman TrHu)
 34843 | D:14     | Noticed a tengu reaver
 34904 | D:14     | Killed Cown's ghost
 35079 | D:14     | Noticed a sphinx
 35082 | D:14     | You fall into a shaft and drop 1 floor!
 35082 | D:15     | Entered Level 15 of the Dungeon
 35389 | D:14     | Killed a tengu reaver
 35390 | D:14     | Reached XP level 16. HP: 78/127 MP: 31/32
 35394 | D:14     | Identified the +5 ring mail "Zaankeli" {Harm Rampage rPois}
 35760 | D:14     | Killed a sphinx
 36446 | D:15     | Reached skill level 5 in Maces & Flails
 36446 | D:15     | Reached skill level 10 in Armour
 36446 | D:15     | Reached skill level 19 in Earth Magic
 37429 | D:15     | Found a staircase to the Depths.
 37826 | Snake:1  | Entered Level 1 of the Snake Pit
 37860 | Snake:1  | Noticed Mlioglotl
 38100 | Snake:1  | Killed Mlioglotl
 38631 | Snake:1  | Found a blossoming altar of Fedhas.
 39243 | Snake:1  | Elyvilon protects you from harm!
 40594 | Snake:1  | Reached skill level 1 in Conjurations
 41264 | Snake:1  | Reached skill level 20 in Earth Magic
 41366 | Snake:1  | Reached XP level 17. HP: 85/133 MP: 25/34
 42306 | Snake:2  | Found a frozen archway.
 42361 | IceCv    | Entered an ice cave
 42892 | IceCv    | Identified a scroll of acquirement
 42893 | IceCv    | Acquired Mitzoyz's Catalogue of Breezy Metal
 42901 | IceCv    | Learned a level 5 spell: Lee's Rapid Deconstruction
 44411 | IceCv    | Noticed an Ice Fiend
 44424 | IceCv    | HP: 4/133 [Ice Fiend (20)]
 44427 | IceCv    | Killed an Ice Fiend
 44721 | IceCv    | Identified the -1 pair of gloves of Disaster {SInv}
 44729 | IceCv    | Identified the +9 trident of Uncomfortable Rashes {chaos,
                  | rPois MP+9 Int+5}
 45375 | Snake:2  | Reached skill level 5 in Conjurations
 45502 | Snake:2  | Found a transporter.
 45506 | Snake:2  | Found a bloodstained altar of Trog.
 45515 | Snake:2  | Found a transporter.
 45516 | Snake:2  | Noticed Elinuc's ghost (adept DEHW)
 46472 | Snake:3  | Reached skill level 1 in Shields
 47093 | Snake:3  | Reached skill level 21 in Earth Magic
 47753 | Snake:3  | Noticed Bai Suzhen
 48157 | Elf:1    | Entered Level 1 of the Elven Halls
 48163 | Abyss:3  | Cast into level 3 of the Abyss (a deep elf sorcerer)
 48166 | Abyss:3  | Found a corrupted altar of Lugonu.
 48240 | Abyss:3  | Found a corrupted altar of Lugonu.
 48291 | Abyss:3  | Gained mutation: You have hidden genetic defects. [a
                  | shining eye]
 48302 | Abyss:3  | Gained mutation: You are frail. (-10% HP) [a shining eye]
 48352 | Abyss:3  | Reached XP level 18. HP: 54/126 MP: 35/35
 48360 | Abyss:3  | HP: 3/126 [naga warrior/+0 glaive (6)]
 48362 | Abyss:3  | Elyvilon protects you from harm!
 48364 | Abyss:3  | Demolished by a naga warrior

Illustrated notes

Levels and vault maps discovered:
D:1:      roderic_dead_forest, layout_basic,
          dreamdust_ecumenical_altar_drowned_temple, feat_on_display
D:2:      layout_rooms, serial_shops, shop_coins, uniq_natasha
D:3:      layout_loops_corners, fedhas_ov_isle_minmay, nrook_uturn,
          hangedman_decor_points, mrwooster_statue_mirror
D:4:      layout_cave_pools, minivault_27
D:5:      layout_loops_cross, minmay_temple_entry_antechambers,
          uniq_blork_the_orc
D:6:      layout_rooms, serial_shops, kennysheep_mini
D:7:      layout_cave_pools, gammafunk_temple_overflow_statue
D:8:      layout_layer_cave
D:9:      layout_long_grid, serial_shops, nicolae_square_shop, grunt_tough_drop,
          uniq_maurice
D:10:     layout_loops_ring, david_lair_shrubbed, serial_shops, shop,
          minmay_shop_damaged, nicolae_inconvenience_store
D:11:     layout_roguey, zombieorc2_lemuel, uniq_lodul
D:12:     layout_cave_pods, serial_shops, nicolae_shop_waterfront,
          nicolae_shop_hallway_plus, nicolae_lakefront_shop,
          kennysheep_mini_moat, nicolae_stop_n_shop_1,
          hangedman_abyss_or_decor_stagger, cheibrodos_ashenzari_chains
D:13:     layout_long_grid, hangedman_vaults_entry_quadrant_bands,
          serial_co_window_serial, co_window_of_opportunity_a,
          co_window_of_opportunity_a, co_window_paths_a, co_window_paths_a,
          co_window_paths_b, co_window_of_opportunity_a, co_window_paths_a,
          co_window_2corner, co_window_paths_c, co_window_paths_c,
          co_window_4corner_a, uniq_josephine, uniq_sonja
D:14:     layout_roguey, minmay_door_square, nicolae_trove_entry_crossroad,
          ebering_ghost_disaster_area, drop_trap, minivault_13
D:15:     gammafunk_enter_depths_forms, layout_basic
Temple:   hellmonk_temple_of_storms
Lair:1:   layout_layer_cave, gammafunk_ghost_berserking_beasts
Lair:2:   layout_chaotic_city, minmay_shoals_entry_centaurs,
          minmay_snake_entry_guardpost_large, serial_bayou,
          serial_bayou_crossing, serial_bayou_lagoon_a, serial_bayou_pond_b,
          serial_bayou_lake_a, nicolae_quartered_pool_medium,
          uniq_prince_ribbit2, uniq_amaemon
Lair:3:   layout_chaotic_city, st_stairs_9, infiniplex_staircase_pool_2,
          grunt_megastairs_3
Lair:4:   layout_cave_pods
Lair:5:   gammafunk_lair_ancient_temple, layout_cave_pods, slime_entry_1,
          infiniplex_staircase_pool
Snake:1:  cheibrodos_snake_lava_hold, layout_rooms, basic_altar,
          nicolae_snake_bzzzt, uniq_mlioglotl
Snake:2:  layout_onion, portal_ice_cave_entry_frozen_things,
          gammafunk_ghost_wrathful_warriors
Snake:3:  layout_honeycomb, uniq_bai_suzhen
Orc:1:    layout_caves, uniq_erica
Orc:2:    grunt_orc_gardens, layout_caves, grunt_orc_garden, grunt_orc_garden,
          grunt_orc_garden, grunt_orc_garden
Elf:1:    minmay_elf_arrival_plus, layout_rooms, serial_shops,
          nicolae_lakefront_shop, orc_legates, corexii_hall_statues_x,
          uniq_jorgrun
Abyss:3:  base: Vaults:2, spicy_abyss_pitcher_plant

Skill      XL: |  1  2  3  4  5  6  7  8  9 10 11 12 13 14 15 16 17 |
---------------+----------------------------------------------------+-----
Earth Magic    | 4 5 6 12 13 14 15 16 17 18 20 21 | 21.1
Spellcasting   | 3 7 8 9 10 11 12 13 | 13.8
Dodging        | 6 |  6.0
Invocations    | 1 3 5 7 10 12 13 | 13.0
Fighting       | 1 2 3 4 6 8 9 11 | 11.8
Armour         | 2 6 8 9 10 11 | 11.6
Maces & Flails | 4 7 |  7.2
Conjurations   | 2 6 |  6.1
Shields        | 4 |  4.1
Stealth        | |  2.4
Transmutations | |  1.1

Action                     |  1- 3 |  4- 6 |  7- 9 | 10-12 | 13-15 | 16-18 || total
---------------------------+-------+-------+-------+-------+-------+-------++-------
  Melee: Mace              |       |       |       |     1 |       |       ||     1
         Dire flail        |       |       |       |       |   247 |   171 ||   418
   Fire: Shortbow          |       |       |       |   125 |    89 |       ||   214
   Cast: Sandblast         |    35 |    61 |    86 |    54 |       |     1 ||   237
         Stone Arrow       |       |       |    27 |   293 |   690 |   551 ||  1561
         Lee's Rapid Decon |       |       |       |       |       |    23 ||    23
 Invoke: Heal Other        |       |       |       |     1 |    23 |     4 ||    28
         Heal Self         |       |       |       |       |       |     6 ||     6
         Divine Vigour     |       |       |       |       |       |     1 ||     1
Ability: Shaft Self        |       |       |       |       |     1 |       ||     1
  Evoke: Wand              |       |       |    16 |    50 |    19 |     3 ||    88
         Box of beasts     |       |       |       |     1 |       |       ||     1
         Lightning rod     |       |       |       |       |     1 |     2 ||     3
         Tin of tremorston |       |       |       |       |       |     2 ||     2
    Use: Scroll            |       |    11 |     7 |     7 |     4 |     8 ||    37
         Potion            |       |     1 |       |     3 |     2 |     8 ||    14
   Stab: Sleeping          |       |       |       |     1 |       |       ||     1
 Armour: Robe              |       |     5 |     4 |    42 |       |       ||    51
         Ring mail         |       |       |       |    14 |   165 |       ||   179
         Pearl dragon scal |       |       |       |       |   219 |   236 ||   455
  Dodge: Dodged            |     2 |    10 |    32 |    98 |   349 |   160 ||   651
         Repelled          |       |       |       |       |     1 |       ||     1
  Block: Buckler           |       |       |       |       |   217 |   147 ||   364
         Reflection        |       |       |       |       |    22 |    19 ||    41
         Tower shield      |       |       |       |       |       |    83 ||    83
